 Dungeon Crawl Stone Soup version 0.18.1-1-g2f07953 (webtiles) character file.

65 Ellandar the Magician (level 3, 0/28 HPs)
             Began as a Draconian Transmuter on Aug 11, 2016.
             Slain by Grinder (3 damage)
             ... on level 3 of the Dungeon.
             The game lasted 00:18:41 (1681 turns).

Ellandar the Magician (Draconian Transmuter)        Turns: 1681, Time: 00:18:42

Health: 0/28       AC:  6    Str: 12    XL:     3   Next: 92%
Magic:  1/7        EV: 12    Int: 18    God:
Gold:   119        SH:  0    Dex: 12    Spells: 2 memorised, 5 levels left

rFire  . . .     SeeInvis .       - Unarmed
rCold  . . .     Gourm    .     (armour unavailable)
rNeg   . . .     Faith    .     (no shield)
rPois  .         Spirit   .     (helmet restricted)
rElec  .         Dismiss  .     (no cloak)
rCorr  .         Reflect  .     h - +0 pair of gloves
SustAt .         Harm     .     (no boots)
MR     .....                    (no amulet)
Stlth  +.........               (no ring)
                                (no ring)

@: brilliant, appendage (expiring), flying, very slightly contaminated, not
resistant to hostile enchantments, very unstealthy
A: unfitting armour, horns 2, cold-blooded, AC +5
a: End Transformation


You were on level 3 of the Dungeon.
You were not hungry.
You had grown temporary horns.
You visited 1 branch of the dungeon, and saw 3 of its levels.

You collected 119 gold pieces.

Inventory:

Missiles
 a - 18 arrows
Armour
 h - a +0 pair of gloves (worn)
Wands
 q - a wand of digging (10/24)
Scrolls
 d - a scroll of enchant weapon {unknown}
 g - 2 scrolls of identify
 i - a scroll of teleportation
 n - a scroll of magic mapping {unknown}
Potions
 e - a potion of invisibility {unknown}
 m - a potion of curing
Books
 b - a book of Changes

   Spells                             Type                      Level
   a - Beastly Appendage              Transmutation                1
   b - Sticks to Snakes               Transmutation                2
   c - Spider Form                    Transmutation/Poison         3
   d - Ice Form                       Ice/Transmutation            4
   e - Blade Hands                    Transmutation                5
Comestibles
 c - 2 bread rations
 f - 3 meat rations
 k - a chunk of flesh


   Skills:
 - Level 1.1 Fighting
 - Level 1.7 Dodging
 - Level 3.0 Unarmed Combat
 * Level 3.4 Spellcasting
 + Level 2.9 Transmutations


You had 5 spell levels left.
You knew the following spells:

 Your Spells              Type           Power        Failure   Level  Hunger
a - Beastly Appendage     Trmt           ###...       1%          1    None
b - Sticks to Snakes      Trmt           ###.....     1%          2    ##.....


Dungeon Overview and Level Annotations

Branches:
Dungeon (3/15)

Altars:
Gozag
Nemelex Xobeh

Annotations:
D:3 Grinder


Innate Abilities, Weirdness & Mutations

Your plain brown scales are hard (AC +5).
Your body does not fit into most forms of armour.
You are cold-blooded and may be slowed by cold attacks.
You have a pair of horns on your head.


Message History

Grinder gestures at you. Pain shoots through your body!
* * * LOW HITPOINT WARNING * * *
Your adder bites Grinder.
Grinder is poisoned.
Your adder poisons Grinder!
Something bites Grinder.
Drink which item? (? for menu, Esc to quit)
You feel better.
Your transformation is almost over.
Grinder hits you!
* * * LOW HITPOINT WARNING * * *
Something bites Grinder but does no damage.
Drink which item? (? for menu, Esc to quit)
It was a potion of brilliance.
You feel clever all of a sudden.
Something misses Grinder.
Grinder barely misses you.
Drink which item? (? for menu, Esc to quit)
It was a potion of flight.
You feel very buoyant.
You fly up into the air.
Something bites Grinder.
Grinder hits you.
You die...

##.....##
##.?.⌠..$##
#.........#
#.8._._.8.#
#.........###
#...⌠...##.#
#...S.##..#
##5###.<.#
#..@.....#
#........#
#..........#
#........#.#
#........#.#
#........# #
..?.......#
######.####


You could see Grinder.

Vanquished Creatures
  2 adders (D:2)
  An ooze (D:2)
  3 giant geckos
  3 bats
  A bat zombie (D:1)
  2 giant cockroaches
  5 goblins
  6 hobgoblins
  2 giant newts (D:2)
  2 kobolds
  A quokka zombie (D:1)
  8 rats
36 creatures vanquished.

Vanquished Creatures (collateral kills)
  A worm (D:2)
1 creature vanquished.

Grand Total: 37 creatures vanquished

Notes
Turn   | Place    | Note
--------------------------------------------------------------
     0 | D:1      | Ellandar the Draconian Transmuter began the quest for the Orb.
     0 | D:1      | Reached XP level 1. HP: 16/16 MP: 3/3
   216 | D:1      | Reached XP level 2. HP: 23/23 MP: 3/5
   220 | D:1      | Learned a level 2 spell: Sticks to Snakes
  1101 | D:2      | Reached XP level 3. HP: 18/28 MP: 5/7
  1663 | D:3      | Found a sparkling altar of Nemelex Xobeh.
  1664 | D:3      | Found an opulent altar of Gozag.
  1664 | D:3      | Noticed Grinder
  1681 | D:3      | Slain by Grinder

Skill      XL: |  1  2  3 |
---------------+----------+-----
Spellcasting   | 3 |  3.4
Fighting       | |  1.1
Dodging        | |  1.7
Unarmed Combat | |  3.0
Transmutations | |  2.9

Action                   || total
-------------------------++-------
Melee: Unarmed           ||   144
       Kick              ||    13
       Tailslap          ||    11
       Headbutt          ||     9
 Cast: Beastly Appendage ||    26
       Sticks to Snakes  ||     3
  Use: Scroll            ||     4
       Potion            ||     3
  Eat: Chunk             ||     3
Armor: Skin              ||    31
Dodge: Dodged            ||    75
